 Dungeon Sprint DCSS version 0.30.0 (webtiles) character file.

Game seed: 1141652811744891391

440332 PurpleRed the Archmage (level 18, -20/143 HPs)
             Began as a Deep Elf Conjurer on July 20, 2023.
             Was the Champion of Sif Muna.
             Demolished by Mona the pandemonium lord (30 damage)
             ... in the Dungeon (Sprint III: "The Ten Rune Challenge").
             The game lasted 01:42:29 (11151 turns).

PurpleRed the Archmage (Deep Elf Conjurer)         Turns: 11151, Time: 01:42:30

Health: -20/143    AC: 19    Str:  6 (8)  XL:     18   Next: 84%
Magic:  70/70      EV: 25    Int: 42      God:    Sif Muna [******]
Gold:   2735       SH:  0    Dex: 13      Spells: 4/71 levels left

rFire   + + .        T - staff of fire "Fosioroetu" {rPois rF+ rN+ Str+2 Stlth-}
rCold   + + +        i - orb {*channel}
rNeg    + + +        z - +2 robe {rC+}
rPois   ∞            x - +3 hat of Pondering {ponderous, Will+ MP+10 Int+5}
rElec   .            U - +0 cloak "Ytorr" {Harm Int+5}
rCorr   +            j - +0 pair of gloves of the Big Bang {rN+ Str+5 Stlth+}
SInv    .            w - +2 pair of slick slippers {slick, slippery, EV+4}
Will    +....        C - amulet of magic regeneration
Stlth   +            V - ring of Kyoq {Wiz MP+9 Stlth+}
HPRegen 0.43/turn    c - ring of Kakagguz {Fly rF+ rC+ rCorr Str-3}
MPRegen 0.82/turn

%: no teleportation, harm (+30% outgoing, +20% incoming), wizardry (x1), channel
magic (20%)
@: lich-form, weak-willed, quad damage, flying, contaminated, glowing, silenced,
slow
A: draining attack, torment immunity, no potions
0: Orb of Zot
}: 10/10 runes: decaying, barnacled, slimy, silver, golden, iron, obsidian, icy,
bone, demonic
a: End Transformation, Renounce Religion


You were in the Dungeon.
You worshipped Sif Muna.
Sif Muna was exalted by your worship.
You were an undead lich.
You visited 1 branch You collected 6541 gold pieces.
You spent 3806 gold pieces at shops.

Inventory:

Hand Weapons
 F - the +5 shortbow of Kiogguzipi {elec, Str+3 SInv}
   (You found it in the Dungeon)

   Str:       It affects your strength (+3).
   SInv:      It lets you see invisible.
 K - a +5 eudemon blade of holy wrath
Missiles
 M - 10 curare-tipped darts
Armour
 i - an orb of energy (worn)
 j - the +0 pair of gloves of the Big Bang (worn) {rN+ Str+5 Stlth+}
   (You found it in the Dungeon)

   Str:       It affects your strength (+5).
   rN:        It protects you from negative energy.
   Stlth:     It makes you more stealthy.
 q - the +4 dragonskin cloak
   (You took it off Tiamat in the Dungeon)

   Avatar's Aegis: It grants the wearer a chance to resist fire, cold, poison,
   electricity, acid, and negative energy.
 r - the -1 helmet of the Louse {Harm rC+ Str-2}
   (You bought it in a shop in the Dungeon)

   Str:       It affects your strength (-2).
   rC:        It protects you from cold.
   Harm:      It increases damage dealt and taken.
 u - a +2 robe of fire resistance
 w - the +2 pair of slick slippers (worn) {slick, slippery, EV+4}
   (You found it in the Dungeon)

   Slick:     Its wearer cannot be constricted, engulfed, netted or webbed.
   Slippery:  Its wearer slips away from damaging melee attacks, pulling the
   attacker onward.
   EV:        It affects your evasion (+4).
 x - the +3 hat of Pondering (worn) {ponderous, Will+ MP+10 Int+5}
   (You bought it in a shop in the Dungeon)

   Int:       It affects your intelligence (+5).
   MP:        It affects your magic capacity (+10).
   Will:      It increases your willpower.
 z - a +2 robe of cold resistance (worn)
 B - the +2 robe of Qyrog {+Inv Str+2}
   (You took it off a deep elf pyromancer in the Dungeon)

   Str:       It affects your strength (+2).
   +Inv:      It lets you turn invisible.
 S - a +2 robe of willpower
 U - the +0 cloak "Ytorr" (worn) {Harm Int+5}
   (You acquired it in the Dungeon)

   Int:       It affects your intelligence (+5).
   Harm:      It increases damage dealt and taken.
Magical Staves
 A - the staff of poison "Buhej" {rElec rPois rN+ Dex+2}
   (You found it in the Dungeon)

   [staff of poison]

   Base accuracy: +5 Base damage: 5 Base attack delay: 1.2 This weapon's minimum
   attack delay (0.6) is reached at skill level 12.
   Dex:       It affects your dexterity (+2).
   rElec:     It insulates you from electricity.
   rPois:     It protects you from poison.
   rN:        It protects you from negative energy.
   It falls into the 'Staves' category.
   It is a one-handed weapon.
 N - a staff of air
 O - the staff of conjuration "Emaetemn" {Dex+4}
   (You found it in the Dungeon)

   [staff of conjuration]

   Base accuracy: +5 Base damage: 5 Base attack delay: 1.2 This weapon's minimum
   attack delay (0.6) is reached at skill level 12.
   Dex:       It affects your dexterity (+4).
   It falls into the 'Staves' category.
   It is a one-handed weapon.
 T - the staff of fire "Fosioroetu" (weapon) {rPois rF+ rN+ Str+2 Stlth-}
   (You acquired it in the Dungeon)

   [staff of fire]

   Base accuracy: +5 Base damage: 5 Base attack delay: 1.2 This weapon's minimum
   attack delay (0.6) is reached at skill level 12.
   Str:       It affects your strength (+2).
   rF:        It protects you from fire.
   rPois:     It protects you from poison.
   rN:        It protects you from negative energy.
   Stlth:     It makes you less stealthy.
   It falls into the 'Staves' category.
   It is a one-handed weapon.
Jewellery
 c - the ring of Kakagguz (right hand) {Fly rF+ rC+ rCorr Str-3}
   (You took it off a deep elf demonologist in the Dungeon)

   [ring of flight]

   Str:       It affects your strength (-3).
   rF:        It protects you from fire.
   rC:        It protects you from cold.
   Fly:       It grants you flight.
   rCorr:     It protects you from acid and corrosion.
 C - an amulet of magic regeneration (around neck)
 H - a ring of see invisible
 I - the ring "Vuteciov" {rPois rF+}
   (You found it in the Dungeon)

   [ring of protection from fire]

   rF:        It protects you from fire.
   rPois:     It protects you from poison.
 Q - the ring "Zuv Keajo" {rN+++ Will- Str+6 Int+5 Stlth-}
   (You took it off an ancient champion in the Dungeon)

   [ring of strength]

   Str:       It affects your strength (+6).
   Int:       It affects your intelligence (+5).
   rN:        It renders you almost immune to negative energy.
   Will:      It decreases your willpower.
   Stlth:     It makes you less stealthy.
 V - the ring of Kyoq (left hand) {Wiz MP+9 Stlth+}
   (You found it in the Dungeon)

   [ring of wizardry]

   It improves your spell success rate.
   MP:        It affects your magic capacity (+9).
   Stlth:     It makes you more stealthy.
 Y - the ring "Saymexoz" {rF- rN++ rCorr}
   (You took it off a vault guard in the Dungeon)

   [ring of resist corrosion]

   rF:        It makes you vulnerable to fire.
   rN:        It greatly protects you from negative energy.
   rCorr:     It protects you from acid and corrosion.
Wands
 k - a wand of quicksilver (15)
 s - a wand of digging (15)
 E - a wand of roots (9)
 X - a wand of charming (10)
Scrolls
 a - a scroll of immolation
 g - 2 scrolls of blinking
 l - 10 scrolls of identify
 n - a scroll of torment
 t - a scroll of amnesia
 v - 2 scrolls of fear
 y - a scroll of silence
 L - 2 scrolls of poison
 W - a scroll of fog
Potions
 b - 5 potions of magic
 d - 18 potions of heal wounds
 e - 7 potions of haste
 f - 2 potions of berserk rage
 h - 3 potions of lignification
 m - 6 potions of flight
 o - 5 potions of mutation
 p - a potion of might
 J - 6 potions of resistance
 P - 5 potions of attraction
 R - 12 potions of curing
Miscellaneous
 G - a lightning rod (4/4)
 Z - a phantom mirror (inert)


   Skills:
 * Level 25.9 Fighting
 + Level 13.2 Armour
 + Level 19.0 Dodging
 - Level 9.0 Stealth
 O Level 27 Spellcasting
 - Level 25.0 Conjurations
 - Level 3.0 Hexes
 - Level 22.0 Necromancy
 - Level 7.3 Translocations
 - Level 14.0 Transmutations
 - Level 25.0 Fire Magic
 - Level 20.0 Air Magic
 - Level 25.0 Earth Magic
 + Level 19.2 Invocations


You had 4 spell levels left.
You knew the following spells:

 Your Spells              Type           Power      Damage    Failure   Level
a - Magic Dart            Conj           100%       1d8       1%          1
b - Fire Storm            Conj/Fire      79%        8d20      1%          9
c - Fulminant Prism       Conj/Hex       54%        3d22      1%          4
d - Iskenderun's Mystic   Conj/Tloc      100%       2d19      1%          4
e - Fireball              Conj/Fire      79%        3d29      1%          5
f - Shatter               Erth           66%        3d49*     1%          9
g - Iron Shot             Conj/Erth      66%        9d12      1%          6
h - Death's Door          Necr           76%        N/A       4%          9
j - Blink                 Tloc           100%       N/A       1%          2
k - Apportation           Tloc           100%       N/A       1%          1
l - Chain Lightning       Conj/Air       64%        3d85      4%          9
n - Necromutation         Tmut/Necr      71%        N/A       2%          8

Your spell library contained the following spells:

 Spells                   Type           Power      Damage    Failure   Level
 Beastly Appendage        Tmut           100%       N/A       1%          1
 Foxfire                  Conj/Fire      100%       2x1d9     1%          1
 Freeze                   Ice            100%       1d10      1%          1
 Kiss of Death            Conj/Necr      100%       2d13      1%          1
 Necrotise                Necr           100%       1d9       1%          1
 Sandblast                Erth           100%       2d20      1%          1
 Shock                    Conj/Air       100%       1d9       1%          1
 Slow                     Hex            100%       N/A       1%          1
 Sting                    Tmut/Pois      100%       1d8       1%          1
 Summon Small Mammal      Summ           100%       N/A       1%          1
 Call Imp                 Summ           100%       N/A       1%          2
 Cigotuvi's Dreadful Rot  Necr/Pois/Air  100%       N/A       1%          2
 Ensorcelled Hibernation  Hex/Ice        100%       N/A       1%          2
 Lesser Beckoning         Tloc           100%       N/A       1%          2
 Momentum Strike          Conj/Tloc      100%       3d10      1%          2
 Passwall                 Tmut/Erth      100%       N/A       1%          2
 Poisonous Vapours        Pois/Air       100%       N/A       1%          2
 Scorch                   Fire           100%       2d9       1%          2
 Searing Ray              Conj           100%       2d8       1%          2
 Static Discharge         Conj/Air       100%       2-7/arc   1%          2
 Sublimation of Blood     Necr           100%       N/A       1%          2
 Wereblood                Tmut           100%       N/A       1%          2
 Call Canine Familiar     Summ           54%        N/A       1%          3
 Confusing Touch          Hex            69%        N/A       1%          3
 Dazzling Flash           Conj/Hex       100%       N/A       1%          3
 Frozen Ramparts          Ice            100%       1d16      1%          3
 Gell's Gravitas          Tloc           87%        N/A       1%          3
 Hailstorm                Conj/Ice       100%       3d20      1%          3
 Ignite Poison            Fire/Tmut/Pois 100%       N/A       1%          3
 Inner Flame              Hex/Fire       100%       N/A       1%          3
 Mephitic Cloud           Conj/Pois/Air  100%       N/A       1%          3
 Ozocubu's Armour         Ice            54%        N/A       1%          3
 Portal Projectile        Hex/Tloc       100%       N/A       1%          3
 Spider Form              Tmut/Pois      86%        N/A       1%          3
 Stone Arrow              Conj/Erth      100%       3d13      1%          3
 Summon Guardian Golem    Hex/Summ       62%        N/A       1%          3
 Swiftness                Air            100%       N/A       1%          3
 Teleport Other           Tloc           87%        N/A       1%          3
 Tukima's Dance           Hex            69%        N/A       1%          3
 Vampiric Draining        Necr           100%       2d13      1%          3
 Vhi's Electric Charge    Tloc/Air       100%       N/A       1%          3
 Volatile Blastmotes      Fire/Tloc      100%       2d18      1%          3
 Airstrike                Air            61%        2d(9-25)  1%          4
 Anguish                  Hex/Necr       63%        N/A       1%          4
 Animate Armour           Summ/Erth      100%       N/A       1%          4
 Animate Dead             Necr           100%       N/A       1%          4
 Cause Fear               Hex            34%        N/A       1%          4
 Dispel Undead            Necr           100%       3d31      1%          4
 Flame Wave               Conj/Fire      100%       2d21      1%          4
 Ice Form                 Ice/Tmut       86%        N/A       1%          4
 Leda's Liquefaction      Hex/Erth       54%        N/A       1%          4
 Manifold Assault         Tloc           87%        N/A       1%          4
 Passage of Golubria      Tloc           87%        N/A       1%          4
 Petrify                  Tmut/Erth      100%       N/A       1%          4
 Sticky Flame             Conj/Fire      100%       2d11      1%          4
 Summon Lightning Spire   Summ/Air       96%        N/A       1%          4
 Olgreb's Toxic Radiance  Pois           54%        N/A       4%          4
 Summon Ice Beast         Ice/Summ       54%        N/A       4%          4
 Agony                    Necr           100%       N/A       1%          5
 Alistair's Intoxication  Tmut/Pois      57%        N/A       1%          5
 Arcjolt                  Conj/Air       64%        1d74      1%          5
 Blade Hands              Tmut           54%        N/A       1%          5
 Borgnjor's Vile Clutch   Necr/Erth      77%        N/A       1%          5
 Freezing Cloud           Conj/Ice/Air   55%        6-21      1%          5
 Irradiate                Conj/Tmut      60%        3d31      1%          5
 Iskenderun's Battlesphe  Conj           100%       2d15      1%          5
 Lee's Rapid Deconstruct  Erth           66%        3d30*     1%          5
 Silence                  Hex/Air        50%        N/A       1%          5
 Yara's Violent Unravell  Hex/Tmut       45%        3d18      1%          5
 Conjure Ball Lightning   Conj/Air       64%        3x3d23    1%          6
 Death Channel            Necr           76%        N/A       1%          6
 Plasma Beam              Fire/Air       76%        2x1d102   1%          6
 Simulacrum               Ice/Necr       61%        N/A       1%          6
 Starburst                Conj/Fire      79%        6d20      1%          6
 Statue Form              Tmut/Erth      80%        N/A       1%          6
 Dragon Form              Tmut           54%        N/A       1%          7
 Orb of Destruction       Conj           66%        9d16      1%          7
 Storm Form               Tmut/Air       57%        N/A       1%          7
 Borgnjor's Revivificati  Necr           76%        N/A       1%          8
 Ignition                 Fire           79%        3d20      1%          8
 Infestation              Necr           76%        N/A       1%          8
 Lehudib's Crystal Spear  Conj/Erth      66%        10d15     1%          8
 Maxwell's Capacitive Co  Air            61%        ∞         1%          8
 Summon Forest            Summ/Tloc      36%        N/A       2%          5
 Spellforged Servitor     Conj/Summ      52%        N/A       2%          7
 Dispersal                Tloc           43%        N/A       3%          6
 Eringya's Noxious Bog    Tmut/Pois      43%        N/A       3%          6
 Haunt                    Necr/Summ      61%        N/A       4%          7
 Metabolic Englaciation   Hex/Ice        31%        N/A       5%          5
 Summon Mana Viper        Hex/Summ       62%        N/A       5%          5
 Summon Cactus Giant      Summ           27%        N/A       30%         6
 Malign Gateway           Summ/Tloc      36%        N/A       34%         7
 Enfeeble                 Hex            34%        N/A       41%         7
 Disjunction              Tloc           43%        N/A       50%         8
 Monstrous Menagerie      Summ           27%        N/A       77%         7
 Ozocubu's Refrigeration  Ice            27%        4d13      77%         7
 Summon Hydra             Summ           27%        N/A       77%         7
 Discord                  Hex            34%        N/A       95%         8
 Summon Horrible Things   Summ           27%        N/A       100%        8
 Dragon's Call            Summ           27%        N/A       100%        9
 Polar Vortex             Ice            27%        N/A       100%        9


Dungeon Overview and Level Annotations

Branches:
Dungeon (1/1)

Altars:
Cheibriados
Dithmenos
Elyvilon
Fedhas
Gozag
Hepliaklqana
Kikubaaqudgha
Makhleb
Nemelex Xobeh
Okawaru
Qazlal
Ru
Sif Muna
Trog
Uskayaw
Vehumet
Wu Jian
Xom
Yredelemnul
Zin
The Shining One
Jiyva
Lugonu

Shops:
D (!=[[!=([![!=!*=?!:([==


Message History

Mona gestures at you.
You struggle to resist.
Mona misses you.
The power of Zot is invoked against you!
Your willpower is stripped away!
Unknown command.
Unknown command.
Press: ? - help, v - describe, . - travel
Here: Mona, armed with a freezing touch (silenced, moderately wounded, radiating silence, unaffected by silence)
The floor.
Unknown command.
Unknown command.
Unknown command.
Unknown command.
Press: ? - help, v - describe, . - travel
Here: Mona, armed with a freezing touch (silenced, moderately wounded, radiating silence, unaffected by silence)
The floor.
Unknown command.
QUAD DAMAGE!
MONA HITS YOU BUT DOES NO DAMAGE.
THE NEQOXEC GESTURES AT YOU.
STRANGE ENERGIES COURSE THROUGH YOUR BODY.
YOUR BODY DECOMPOSES!
YOU FEEL WEAKENED.
AIMING: QUICKSILVER BOLT PRESS: ? - HELP, SHIFT-DIR - STRAIGHT LINE, F - MONA AIM: MONA, ARMED WITH A FREEZING TOUCH (SILENCED, MODERATELY WOUNDED, RADIATING SILENCE, UNAFFECTED BY SILENCE, 68% TO HIT) THE BOLT OF DISPELLING ENERGY MISSES MONA.
THE BOLT OF DISPELLING ENERGY HITS THE SUN DEMON!
YOU KILL THE SUN DEMON!
THE SUN DEMON DISAPPEARS IN A PUFF OF SMOKE!
MONA HITS YOU!!
MONA HITS YOU!!!
* * * LOW HITPOINT WARNING * * *
MONA FREEZES YOU.
* * * LOW HITPOINT WARNING * * *
OKAY, THEN.
OKAY, THEN.
AIMING: PHANTOM MIRROR PRESS: ? - HELP, DIR - MOVE TARGET, F/P - MONA AIM: MONA, ARMED WITH A FREEZING TOUCH (SILENCED, MODERATELY WOUNDED, RADIATING SILENCE, UNAFFECTED BY SILENCE) YOU REFLECT MONA WITH THE MIRROR!
THE MIRROR CLOUDS!
MONA HITS YOU!!
YOU DIE...

.....#..............▓.▓....▓[.▓≈≈
##..#.#3........#...▓)▓▓▓'▓▓▓[▓≈≈
#######&▓▓▓▓▓▓▓▓▓▓▓▓▓.▓..).▓..▓[.
#°.°...3▓°...3....▓v'.▓....▓.▓▓[.
#°.....°▓....▓3...▓.▓▓▓)...▓..▓▓[
....○...3.)v.▓.^^.▓.▓.'....▓▓.▓°)
#°°°○...▓....▓..§.▓v▓.▓▓▓▓▓▓..▓[.
#.○.°...▓....▓^&&.▓.▓......'.▓▓..
########▓....▓..L...▓▓▓▓▓▓▓▓▓▓▓▓▓
▓ ▓▓▓▓▓▓▓▓▓▓▓▓▓


You could see Mona (silencing, unsilenced, ally target), a smoke demon
(summoned, unsilenced), a neqoxec (summoned, unsilenced) and the friendly Mona
(summoned, silencing, unsilenced, drained).

Vanquished Creatures
  Antaeus (D)
  the Royal Jelly (D)
  Ereshkigal (D)
  Gloorx Vloq (D)
  the Serpent of Hell (D)
  Dispater (D)
  An orb of fire (D)
  Mennas (D)
  An ancient lich (D)
  Mara (D)
  8 royal mummies (D)
  Boris (D)
  A Killer Klown (D)
  Frederick (D)
  Sigmund (D)
  Geryon (D)
  Nellie (D)
  A Brimstone Fiend (D)
  2 Tzitzimimeh (D)
  An iron giant (D)
  Rupert (D)
  2 Orb Guardians (D)
  An electric golem (D)
  5 Ice Fiends (D)
  3 Hell Sentinels (D)
  6 deep elf blademasters (D)
  2 titans (D)
  2 liches (D)
  A quicksilver dragon (D)
  6 acid blobs (D)
  Polyphemus (D)
  An ancient champion (D)
  An Executioner (D)
  Chuck (D)
  Gastronok (D)
  2 sphinxes (D)
  A storm dragon (D)
  Roxanne (D)
  Ilsuiw (D)
  2 shadow dragons (D)
  13 azure jellies (D)
  An iron dragon (D)
  3 rockslimes (D)
  2 draconian scorchers (D)
  2 fire giants (D)
  A frost giant (D)
  3 ghost moths (D)
  3 draconian stormcallers (D)
  A draconian shifter (D)
  4 war gargoyles (D)
  2 quicksilver oozes (D)
  Nessos (D)
  5 stone giants (D)
  Azrael (D)
  2 vampire knights (D)
  2 deep elf demonologists (D)
  A yellow draconian (D)
  2 dire elephants (D)
  2 iron golems (D)
  A merfolk javelineer (D)
  10 mummy priests (D)
  2 deep elf high priests (D)
  4 yaktaur captains (D)
  A fire dragon (D)
  2 hell beasts (D)
  Erolcha (D)
  3 hydras (D)
  17 vault guards (D)
  2 iron elementals (D)
  2 centaur warriors (D)
  4 dancing weapons (D)
  An ogre mage (D)
  4 death yaks (D)
  Urug (D)
  4 hell knights (D)
  2 sun demons (D)
  2 soul eaters (D)
  5 skeletal warriors (D)
  3 deep elf knights (D)
  A sea snake (D)
  3 death drakes (D)
  A glowing orange brain (D)
  A spectral iron dragon (D)
  A shadow wraith (D)
  A spriggan druid (D)
  An orange crystal statue (D)
  A spectral hydra (D)
  3 kraken simulacra (D)
  2 obsidian statues (D)
  A lindwurm (D)
  3 deep elf pyromancers (D)
  4 deep elf zephyrmancers (D)
  4 orc knights (D)
  4 crystal guardians (D)
  3 shining eyes (D)
  2 oklob plants (D)
  9 ugly things (D)
  A faun (shapeshifter) (D)
  A moth of wrath (D)
  2 elephants (D)
  3 rust devils (D)
  2 black mambas (D)
  A stone giant skeleton (D)
  9 statues (D)
  A molten gargoyle (D)
  Edmund (D)
  2 cane toads (D)
  6 hellions (D)
  A komodo dragon (D)
  2 anaconda simulacra (D)
  23 guardian mummies (D)
  A rime drake (D)
  A queen bee (D)
  13 yaktaurs (D)
  An ice devil (D)
  3 wandering mushrooms (D)
  4 spriggan defenders (D)
  2 tyrant leeches (D)
  3 hornets (D)
  8 blink frogs (D)
  An orc high priest (D)
  3 dream sheep (D)
  9 slime creatures (D)
  10 shadows (D)
  2 spriggans (D)
  A golden eye (D)
  5 redbacks (D)
  A spatial vortex (D)
  2 iron troll simulacra (D)
  5 floating eyes (D)
  2 hydra simulacra (D)
  A floating eye (shapeshifter) (D)
  A swamp drake (D)
  3 orc warriors (D)
  A black mamba simulacrum (D)
  3 swamp dragon skeletons (D)
  5 two-headed ogres (D)
  A necrophage (D)
  A water elemental (D)
  32 killer bees (D)
  5 electric eels (D)
  11 quasits (D)
  A jelly (D)
  4 orc priests (D)
  Jessica (D)
  2 orc wizards (D)
  A wizard (D)
  2 necromancers (D)
  A polar bear simulacrum (D)
  A wolf simulacrum (D)
  3 humans (D)
  A kobold demonologist (D)
  A phantom (D)
  10 orcs (D)
  3 rats (D)
  2 ball lightnings (D)
  4 bushes (D)
  9 butterflies (D)
  4 plants (D)
  A tentacle (D)
483 creatures vanquished.

Vanquished Creatures (collateral kills)
  Tiamat (D)
  Nikola (D)
  A quicksilver dragon (D)
  An acid blob (D)
  A skeletal warrior (D)
  An iron troll simulacrum (D)
  A guardian mummy (D)
  An ice devil (D)
  A floating eye (D)
  A quasit (D)
  A bush (D)
  2 butterflies (D)
  A plant (D)
14 creatures vanquished.

Vanquished Creatures (others)
  3 ball lightnings (D)
  3 ballistomycete spores (D)
  160 fire vortices (D)
  81 fulminant prisms (D)
  50 plants (D)
  3 tentacles (D)
300 creatures vanquished.

Grand Total: 797 creatures vanquished

Notes
Turn   | Place    | Note
-------+----------+-------------------------------------------
     0 | D        | PurpleRed the Deep Elf Conjurer began the quest for the
                  | Orb.
     0 | D        | Reached XP level 1. HP: 10/10 MP: 6/6
    37 | D        | Reached skill level 5 in Conjurations
   117 | D        | Noticed Jessica
   119 | D        | Killed Jessica
   120 | D        | Reached skill level 5 in Spellcasting
   120 | D        | Reached XP level 2. HP: 15/15 MP: 10/10
   147 | D        | Learned a level 2 spell: Searing Ray
   155 | D        | Reached XP level 3. HP: 11/19 MP: 12/12
   210 | D        | Reached skill level 6 in Spellcasting
   306 | D        | Noticed a water elemental
   319 | D        | Killed a water elemental
   320 | D        | Reached skill level 7 in Spellcasting
   320 | D        | Reached XP level 4. HP: 24/24 MP: 15/15
   328 | D        | Learned a level 4 spell: Fulminant Prism
   333 | D        | Learned a level 4 spell: Iskenderun's Mystic Blast
   373 | D        | Found a radiant altar of Vehumet.
   377 | D        | Killed a wizard
   378 | D        | Reached skill level 8 in Spellcasting
   378 | D        | Reached skill level 1 in Translocations
   378 | D        | Reached XP level 5. HP: 28/28 MP: 16/17
   378 | D        | Found a shimmering blue altar of Sif Muna.
   378 | D        | Found an ancient bone altar of Kikubaaqudgha.
   386 | D        | Became a worshipper of Sif Muna the Loreminder
   431 | D        | Found a glowing silver altar of Zin.
   440 | D        | Noticed a deep elf pyromancer
   443 | D        | Noticed a fire elemental
   446 | D        | Killed a deep elf pyromancer
   447 | D        | Reached skill level 11 in Spellcasting
   447 | D        | Reached XP level 6. HP: 32/32 MP: 8/22
   447 | D        | Reached XP level 7. HP: 36/36 MP: 8/24
   548 | D        | Noticed a human
   554 | D        | Killed a human
   555 | D        | Reached skill level 12 in Spellcasting
   574 | D        | Noticed a human
   582 | D        | Killed a human
   582 | D        | Reached * piety under Sif Muna
   583 | D        | Reached skill level 15 in Conjurations
   649 | D        | Found a glowing golden altar of the Shining One.
   649 | D        | Found a white marble altar of Elyvilon.
   650 | D        | Found a hide-covered altar of Uskayaw.
   650 | D        | Found an iron altar of Okawaru.
   650 | D        | Found a bloodstained altar of Trog.
   650 | D        | Found an ornate altar of the Wu Jian Council.
   657 | D        | Found a basalt altar of Yredelemnul.
   657 | D        | Found a shadowy altar of Dithmenos.
   657 | D        | Found a sacrificial altar of Ru.
   663 | D        | Reached skill level 13 in Spellcasting
   681 | D        | Reached ** piety under Sif Muna
   684 | D        | Killed a shadow
   685 | D        | Reached XP level 8. HP: 41/41 MP: 27/27
   724 | D        | Found a blossoming altar of Fedhas.
   724 | D        | Found a stormy altar of Qazlal.
   724 | D        | Found a snail-covered altar of Cheibriados.
   724 | D        | Found a burning altar of Makhleb.
   724 | D        | Found a shimmering altar of Xom.
   734 | D        | Reached skill level 1 in Fighting
   734 | D        | Reached skill level 1 in Invocations
   734 | D        | Found a hazy altar of Hepliaklqana.
   734 | D        | Found an opulent altar of Gozag.
   734 | D        | Found a sparkling altar of Nemelex Xobeh.
   734 | D        | Found a corrupted altar of Lugonu.
   734 | D        | Found a viscous altar of Jiyva.
   784 | D        | Reached *** piety under Sif Muna
   793 | D        | Noticed a two-headed ogre
   802 | D        | Killed a two-headed ogre
   803 | D        | Reached skill level 14 in Spellcasting
   945 | D        | Noticed an orc knight
   948 | D        | Reached **** piety under Sif Muna
   959 | D        | Killed an orc knight
   960 | D        | Reached skill level 5 in Invocations
   960 | D        | Reached XP level 9. HP: 52/52 MP: 16/29
   963 | D        | Reached ***** piety under Sif Muna
   963 | D        | Received a gift from Sif Muna
   964 | D        | Got Sif Muna's Guidebook on the Fifth Circle {god gift}
   973 | D        | Noticed an orc knight
  1021 | D        | Killed an orc knight
  1022 | D        | Reached skill level 15 in Spellcasting
  1089 | D        | Received a gift from Sif Muna
  1090 | D        | Got Sif Muna's Discursus on Reconstruction and Fumes {god
                  | gift}
  1264 | D        | Found Qihuyscha's Antique Armour Shoppe.
  1286 | D        | Bought a heavily runed helmet for 228 gold pieces
  1286 | D        | Identified the -1 helmet of the Louse {Harm rC+ Str-2} (You
                  | bought it in a shop in the Dungeon)
  1286 | D        | Bought a pair of gloves for 108 gold pieces
  1319 | D        | Killed Erolcha
  1320 | D        | Reached skill level 5 in Fighting
  1322 | D        | Noticed a two-headed ogre
  1328 | D        | Killed a two-headed ogre
  1402 | D        | Reached skill level 16 in Spellcasting
  1402 | D        | Reached XP level 10. HP: 60/60 MP: 29/32
  1531 | D        | Learned a level 4 spell: Sticky Flame
  1533 | D        | Noticed a deep elf zephyrmancer
  1533 | D        | Noticed a deep elf zephyrmancer
  1533 | D        | Noticed a deep elf zephyrmancer
  1533 | D        | Noticed a deep elf knight
  1533 | D        | Noticed a deep elf zephyrmancer
  1559 | D        | Killed a deep elf zephyrmancer
  1559 | D        | Killed a deep elf knight
  1559 | D        | Received a gift from Sif Muna
  1562 | D        | Killed a deep elf zephyrmancer
  1565 | D        | Killed a deep elf zephyrmancer
  1565 | D        | Killed a deep elf zephyrmancer
  1566 | D        | Reached skill level 10 in Invocations
  1566 | D        | Got Vuvvegg's Almanac of the Many Tables {god gift}
  1624 | D        | Identified the ring of Kakagguz {Fly rF+ rC+ rCorr Str-3}
  1624 | D        | Noticed a deep elf demonologist
  1645 | D        | Killed a deep elf demonologist
  1645 | D        | Received a gift from Sif Muna
  1646 | D        | Got Sif Muna's Dissertation on Lava {god gift}
  1653 | D        | Learned a level 5 spell: Fireball
  1747 | D        | Noticed a deep elf pyromancer
  1749 | D        | Noticed a deep elf blademaster
  1766 | D        | Killed a deep elf pyromancer
  1769 | D        | Killed a deep elf pyromancer
  1770 | D        | Reached XP level 11. HP: 64/64 MP: 11/33
  1770 | D        | Noticed a deep elf high priest
  1772 | D        | Killed a deep elf demonologist
  1902 | D        | Killed a deep elf high priest
  1911 | D        | Killed a deep elf high priest
  2090 | D        | Killed a deep elf blademaster
  2090 | D        | Reached ****** piety under Sif Muna
  2090 | D        | Received a gift from Sif Muna
  2091 | D        | Reached skill level 15 in Fire Magic
  2091 | D        | Got Sif Muna's Compendium of the Tropical Glacier {god
                  | gift}
  2264 | D        | Identified the staff of poison "Buhej" {rElec rPois rN+
                  | Dex+2}
  2267 | D        | Identified the +2 robe of Qyrog {+Inv Str+2} (You took it
                  | off a deep elf pyromancer in the Dungeon)
  2280 | D        | Got Improving Your Witchery
  2281 | D        | Identified the +5 shortbow of Kiogguzipi {elec, Str+3 SInv}
  2282 | D        | Got the Lessons on the Baleful Deep Freeze
  2286 | D        | Identified the ring "Vuteciov" {rPois rF+}
  2342 | D        | Learned a level 6 spell: Iron Shot
  2388 | D        | Learned a level 5 spell: Freezing Cloud
  2399 | D        | Received a gift from Sif Muna
  2400 | D        | Reached skill level 17 in Spellcasting
  2402 | D        | Received a gift from Sif Muna
  2408 | D        | Received a gift from Sif Muna
  2540 | D        | Got Sif Muna's Precepts of the Maledictive Fault {god gift}
  2540 | D        | Got Sif Muna's Octavo of Scorched Maleficia {god gift}
  2540 | D        | Got Sif Muna's Verses on Glamour and Algor {god gift}
  2596 | D        | Noticed a five-headed hydra
  2598 | D        | Killed a five-headed hydra
  2601 | D        | Received a gift from Sif Muna
  2602 | D        | Got Sif Muna's Incunabulum of Electric Composition {god
                  | gift}
  2649 | D        | Noticed a seven-headed hydra
  2654 | D        | Killed a seven-headed hydra
  2728 | D        | Noticed a death drake
  2732 | D        | Killed a death drake
  2733 | D        | Reached skill level 18 in Spellcasting
  2864 | D        | Identified the staff of conjuration "Emaetemn" {Dex+4}
  2888 | D        | Learned a level 9 spell: Fire Storm
  2961 | D        | Received a gift from Sif Muna
  2962 | D        | Reached XP level 12. HP: 73/73 MP: 35/36
  2962 | D        | Got Mada's Almanac of Kinetic Energy {god gift}
  3050 | D        | Noticed Urug
  3052 | D        | Killed Urug
  3143 | D        | Reached skill level 19 in Spellcasting
  3262 | D        | Received a gift from Sif Muna
  3263 | D        | Got Ryufrel's Octavo of Chilly Arcane Combat {god gift}
  3499 | D        | Noticed a death yak
  3503 | D        | Killed a death yak
  3503 | D        | Noticed a death yak
  3503 | D        | Noticed a death yak
  3505 | D        | Noticed a death yak
  3507 | D        | Reached skill level 20 in Spellcasting
  3508 | D        | Killed a death yak
  3508 | D        | Killed a death yak
  3508 | D        | Received a gift from Sif Muna
  3509 | D        | Killed a death yak
  3510 | D        | Got Sif Muna's Vellum of Amassed Impulse {god gift}
  3662 | D        | Found a blossoming altar of Fedhas.
  3685 | D        | Noticed Polyphemus
  3695 | D        | Received a gift from Sif Muna
  3696 | D        | Got Sif Muna's Meditations on the Exothermic Valley {god
                  | gift}
  3772 | D        | Noticed Rupert
  3776 | D        | Paralysed by Rupert for 4 turns
  3780 | D        | Killed Rupert
  4137 | D        | Noticed a seven-headed hydra
  4141 | D        | Killed a seven-headed hydra
  4145 | D        | Reached XP level 13. HP: 78/78 MP: 20/39
  4279 | D        | Found Maonwoac's Antique Weapon Shoppe.
  4279 | D        | Found Bekeaph's Distillery.
  4477 | D        | Found Jaux's Jewellery Emporium.
  4491 | D        | Bought an amulet of magic regeneration for 300 gold pieces
  4492 | D        | Bought 2 potions of haste for 200 gold pieces
  4492 | D        | Bought a potion of resistance for 100 gold pieces
  4492 | D        | Bought a potion of heal wounds for 50 gold pieces
  4492 | D        | Bought 2 potions of curing for 60 gold pieces
  4492 | D        | Bought a potion of heal wounds for 50 gold pieces
  4492 | D        | Bought a potion of haste for 100 gold pieces
  4512 | D        | Got a decaying rune of Zot
  4687 | D        | Noticed a dire elephant
  4687 | D        | Noticed a dire elephant
  4690 | D        | Killed a dire elephant
  4690 | D        | Received a gift from Sif Muna
  4692 | D        | Reached skill level 21 in Spellcasting
  4692 | D        | Got Sif Muna's Papyrus of Fulmination {god gift}
  4693 | D        | Noticed Gastronok
  4694 | D        | Killed a dire elephant
  4694 | D        | Killed Gastronok
  4774 | D        | Noticed Sigmund
  4775 | D        | Noticed Edmund
  4780 | D        | Killed Edmund
  4780 | D        | Killed Sigmund
  4781 | D        | Reached skill level 22 in Spellcasting
  4827 | D        | Received a gift from Sif Muna
  4921 | D        | Received a gift from Sif Muna
  4922 | D        | Got Sif Muna's Tome of the Destructive Crevasse {god gift}
  4928 | D        | Noticed Azrael
  4933 | D        | Killed Azrael
  5012 | D        | Acquired 940 gold pieces
  5014 | D        | Acquired the staff of fire "Fosioroetu" {rPois rF+ rN+
                  | Str+2 Stlth-}
  5051 | D        | Noticed Ilsuiw
  5058 | D        | Killed Polyphemus
  5062 | D        | Killed Ilsuiw
  5063 | D        | Reached skill level 23 in Spellcasting
  5111 | D        | Found Kaitueg's Distillery.
  5112 | D        | Found Jiukagh's Jewellery Shop.
  5113 | D        | Found Wakyxyt's Antique Weapon Shoppe.
  5114 | D        | Noticed a merfolk javelineer
  5117 | D        | Killed a merfolk javelineer
  5136 | D        | Got a barnacled rune of Zot
  5150 | D        | Bought a potion of heal wounds for 60 gold pieces
  5150 | D        | Bought a potion of heal wounds for 60 gold pieces
  5150 | D        | Bought a potion of heal wounds for 60 gold pieces
  5150 | D        | Bought 2 potions of haste for 240 gold pieces
  5150 | D        | Bought 2 potions of curing for 72 gold pieces
  5232 | D        | Received a gift from Sif Muna
  5233 | D        | Got Sif Muna's Precepts of Fiery Transmigration {god gift}
  5331 | D        | Identified the +6 long sword "Elf's Doom" {heavy, rN++
                  | Int-4}
  5343 | D        | Noticed a fire dragon
  5348 | D        | Killed a fire dragon
  5350 | D        | Received a gift from Sif Muna
  5351 | D        | Got Ereshkigal's Handbook of Meteoric Wounds {god gift}
  5508 | D        | Reached skill level 24 in Spellcasting
  5511 | D        | Reached XP level 14. HP: 69/84 MP: 28/44
  5521 | D        | Identified the +4 eveningstar of the Tiger {vamp, rC+
                  | Str+3}
  5553 | D        | Received a gift from Sif Muna
  5554 | D        | Got Sif Muna's Omnibus of the Traveller and Feathers {god
                  | gift}
  5619 | D        | Noticed Chuck
  5622 | D        | Killed Chuck
  5674 | D        | Noticed Frederick
  5676 | D        | Killed Frederick
  5677 | D        | Reached skill level 25 in Spellcasting
  5751 | D        | Noticed a lich
  5753 | D        | Killed a lich
  5753 | D        | Received a gift from Sif Muna
  5754 | D        | Got Sif Muna's Octavo of Fascination and the Escort {god
                  | gift}
  5768 | D        | Noticed a shadow dragon
  5768 | D        | Noticed a shadow dragon
  5770 | D        | Killed a shadow dragon
  5770 | D        | Killed a shadow dragon
  5771 | D        | Reached skill level 10 in Fighting
  5856 | D        | Noticed a titan
  5856 | D        | Noticed a titan
  5856 | D        | Noticed a stone giant
  5856 | D        | Noticed a stone giant
  5856 | D        | Noticed a fire giant
  5856 | D        | Noticed a quicksilver dragon
  5856 | D        | Noticed a stone giant
  5857 | D        | Received a gift from Sif Muna
  5857 | D        | Noticed a quicksilver dragon
  5858 | D        | Killed a titan
  5858 | D        | Received a gift from Sif Muna
  5860 | D        | Killed a fire giant
  5860 | D        | Received a gift from Sif Muna
  5860 | D        | Killed a titan
  5862 | D        | Killed a stone giant
  5862 | D        | Killed a stone giant
  5862 | D        | Killed a quicksilver dragon
  5863 | D        | Reached skill level 15 in Fighting
  5867 | D        | Received a gift from Sif Muna
  5867 | D        | Killed a stone giant
  5868 | D        | Reached XP level 15. HP: 63/104 MP: 28/46
  5868 | D        | Killed a quicksilver dragon
  5869 | D        | Got Iluhog's Precepts of Evil Contamination {god gift}
  5869 | D        | Got Sif Muna's Thoughts on Heated Cadavers {god gift}
  5969 | D        | Identified the ring "Saymexoz" {rF- rN++ rCorr}
  5971 | D        | Got Sif Muna's Omnibus of Momentum and Curses {god gift}
  6004 | D        | Got a silver rune of Zot
  6007 | D        | Identified the ring "Utyus" {Fly EV+5 Dex+3 Slay-5}
  6016 | D        | Got the Compilation of the Undead and Evolution
  6018 | D        | Identified the +0 pair of gloves of the Big Bang {rN+ Str+5
                  | Stlth+}
  6038 | D        | Got Sif Muna's Cyclopedia of Spatial Generation
  6297 | D        | Received a gift from Sif Muna
  6298 | D        | Got Eroxipnoapp's Directory of Mutagenic Invitation {god
                  | gift}
  6333 | D        | Killed a lich
  6334 | D        | Reached skill level 1 in Armour
  6420 | D        | Noticed a sphinx
  6421 | D        | Killed a sphinx
  6422 | D        | Reached skill level 5 in Dodging
  6422 | D        | Noticed a sphinx
  6423 | D        | Received a gift from Sif Muna
  6423 | D        | Killed a sphinx
  6424 | D        | Got Sif Muna's Textbook on Composition and Assaults {god
                  | gift}
  6605 | D        | Noticed an azure jelly
  6605 | D        | Noticed an azure jelly
  6605 | D        | Noticed an azure jelly
  6605 | D        | Noticed an azure jelly
  6611 | D        | Killed an azure jelly
  6611 | D        | Killed an azure jelly
  6611 | D        | Killed an azure jelly
  6611 | D        | Killed an azure jelly
  6611 | D        | Received a gift from Sif Muna
  6696 | D        | Noticed an azure jelly
  6697 | D        | Killed an azure jelly
  6697 | D        | Killed an azure jelly
  6698 | D        | Reached skill level 5 in Armour
  6698 | D        | Reached skill level 26 in Spellcasting
  6700 | D        | Received a gift from Sif Muna
  6704 | D        | Noticed the Royal Jelly
  6705 | D        | Noticed an acid blob
  6706 | D        | Noticed an azure jelly
  6706 | D        | Killed an azure jelly
  6706 | D        | Killed an azure jelly
  6706 | D        | Killed an acid blob
  6706 | D        | Killed an azure jelly
  6706 | D        | Noticed a rockslime
  6706 | D        | Noticed a rockslime
  6706 | D        | Killed an acid blob
  6707 | D        | Noticed an azure jelly
  6707 | D        | Killed the Royal Jelly
  6707 | D        | Killed an acid blob
  6707 | D        | Killed an azure jelly
  6707 | D        | Killed an azure jelly
  6707 | D        | Killed an azure jelly
  6707 | D        | Killed an acid blob
  6707 | D        | Noticed an azure jelly
  6708 | D        | Killed a rockslime
  6708 | D        | Killed an acid blob
  6708 | D        | Killed an azure jelly
  6708 | D        | Killed a rockslime
  6708 | D        | Killed an acid blob
  6708 | D        | Killed an acid blob
  6711 | D        | Noticed a rockslime
  6713 | D        | Killed a rockslime
  6718 | D        | Found the +7 sceptre of Torment {pain, torment}
  6737 | D        | Identified the +1 flail of the Jumping Scavenger {drain,
                  | rPois Str+2 Stlth+}
  6740 | D        | Got a slimy rune of Zot
  6827 | D        | Learned a level 8 spell: Necromutation
  6852 | D        | Reached skill level 1 in Necromancy
  6852 | D        | Reached skill level 1 in Transmutations
  6954 | D        | Found Raestuud's Antique Weapon Shop.
  6954 | D        | Found Netsuwne's Jewellery Shoppe.
  6954 | D        | Found Lebruati's Distillery.
  6954 | D        | Found Orrun's Jewellery Boutique.
  6954 | D        | Found Juonur's Book Emporium.
  6954 | D        | Found Kuifru's Jewellery Shop.
  6954 | D        | Found Kaojiduc's Magic Scroll Boutique.
  6954 | D        | Found Qyle's Assorted Antiques.
  6954 | D        | Found Ipreemuss's Antique Armour Emporium.
  6954 | D        | Found Jenwul's Distillery.
  6954 | D        | Found Huetam's Jewellery Emporium.
  6988 | D        | Bought a potion of curing for 33 gold pieces
  6989 | D        | Bought a scroll of blinking for 165 gold pieces
  6989 | D        | Bought a scroll labelled KIW KANGIQ for 22 gold pieces
  6992 | D        | Bought a potion of magic for 112 gold pieces
  6992 | D        | Bought a potion of haste for 140 gold pieces
  6992 | D        | Bought a potion of resistance for 140 gold pieces
  6993 | D        | Bought a scroll of blinking for 105 gold pieces
  6993 | D        | Bought a scroll of identify for 28 gold pieces
  6993 | D        | Bought a scroll of magic mapping for 105 gold pieces
  6993 | D        | Bought a scroll of fear for 56 gold pieces
  6993 | D        | Bought a scroll of poison for 56 gold pieces
  6996 | D        | Acquired the +1 pair of boots of the Kettle-Drum {rF+}
  7051 | D        | Received a gift from Sif Muna
  7052 | D        | Got Sif Muna's Volume of Cooperative Inhalation {god gift}
  7056 | D        | Bought the +3 hat of Pondering {ponderous, Will+ MP+10
                  | Int+5} for 876 gold pieces
  7056 | D        | Found the +3 hat of Pondering {ponderous, Will+ MP+10
                  | Int+5}
  7095 | D        | Noticed an Executioner
  7096 | D        | Killed an Executioner
  7097 | D        | Reached skill level 15 in Invocations
  7116 | D        | Reached skill level 27 in Spellcasting
  7116 | D        | Reached skill level 5 in Necromancy
  7118 | D        | Received a gift from Sif Muna
  7119 | D        | Got Sif Muna's Annotations on the Torch and Nephomancy {god
                  | gift}
  7125 | D        | Reached skill level 5 in Transmutations
  7133 | D        | Noticed Mara
  7144 | D        | Killed Mara
  7198 | D        | Noticed a deep elf blademaster
  7203 | D        | Killed a deep elf blademaster
  7223 | D        | Noticed Mennas
  7227 | D        | Received a gift from Sif Muna
  7238 | D        | Killed Mennas
  7239 | D        | Reached skill level 10 in Transmutations
  7239 | D        | Reached XP level 16. HP: 114/114 MP: 37/49
  7329 | D        | Identified the ring "Zuv Keajo" {rN+++ Will- Str+6 Int+5
                  | Stlth-}
  7329 | D        | Noticed an ancient champion
  7330 | D        | Noticed Boris
  7332 | D        | Killed Boris
  7336 | D        | Noticed a storm dragon
  7338 | D        | Killed a storm dragon
  7338 | D        | Received a gift from Sif Muna
  7339 | D        | Got Sif Muna's Omnibus of Shadowy Fog {god gift}
  7374 | D        | Killed an ancient champion
  7397 | D        | Noticed a deep elf blademaster
  7399 | D        | Killed a deep elf blademaster
  7400 | D        | Reached skill level 15 in Necromancy
  7403 | D        | Killed Nikola
  7445 | D        | Noticed a deep elf blademaster
  7447 | D        | Killed a deep elf blademaster
  7447 | D        | Received a gift from Sif Muna
  7695 | D        | Received a gift from Sif Muna
  7696 | D        | Got Sif Muna's Handbook of Lethal Blows {god gift}
  7711 | D        | Reached skill level 10 in Air Magic
  7753 | D        | Found Ycveoby's Distillery.
  7753 | D        | Found Dumokloo's Distillery.
  7753 | D        | Found Xerocuh's Armour Shop.
  7753 | D        | Found Bill's Armour Emporium.
  7753 | D        | Identified Roxanne's Atlas of the Magi
  7753 | D        | Noticed Roxanne
  7768 | D        | Received a gift from Sif Muna
  7769 | D        | Got Sif Muna's Omnibus of the Other Side {god gift}
  7772 | D        | Killed Roxanne
  7778 | D        | Noticed a deep elf blademaster
  7779 | D        | Killed a deep elf blademaster
  7798 | D        | Received a gift from Sif Muna
  7837 | D        | Bought a potion of haste for 100 gold pieces
  7837 | D        | Bought a potion of magic for 80 gold pieces
  7837 | D        | Bought a potion of heal wounds for 50 gold pieces
  7837 | D        | Bought a potion of heal wounds for 50 gold pieces
  7845 | D        | Found Qyon's Armour Boutique.
  7854 | D        | Noticed a deep elf blademaster
  7856 | D        | Killed a deep elf blademaster
  7871 | D        | Received a gift from Sif Muna
  7872 | D        | Got Toekafas's Guidebook on the Congealing Sky {god gift}
  7885 | D        | Noticed Nessos
  7886 | D        | Killed Nessos
  8077 | D        | Received a gift from Sif Muna
  8084 | D        | Reached skill level 15 in Air Magic
  8096 | D        | Received a gift from Sif Muna
  8101 | D        | Reached skill level 10 in Earth Magic
  8135 | D        | Received a gift from Sif Muna
  8135 | D        | Received a gift from Sif Muna
  8135 | D        | Noticed a royal mummy
  8137 | D        | Killed a royal mummy
  8137 | D        | Killed a royal mummy
  8156 | D        | Got a golden rune of Zot
  8160 | D        | Identified the staff of cold "Wixzuz" {rC+ rN+ Dex+4 SInv}
  8162 | D        | Got the Book of Companions
  8163 | D        | Identified the staff of cold "Ditazohi" {rC+ Str+5 Dex+4}
  8177 | D        | Acquired a manual of Necromancy
  8179 | D        | Acquired the +0 cloak "Ytorr" {Harm Int+5}
  8197 | D        | Learned a level 9 spell: Shatter
  8197 | D        | Acquired 859 gold pieces
  8199 | D        | Acquired 673 gold pieces
  8201 | D        | Acquired 697 gold pieces
  8336 | D        | Received a gift from Sif Muna
  8420 | D        | Received a gift from Sif Muna
  8421 | D        | Reached XP level 17. HP: 124/124 MP: 49/50
  8441 | D        | Noticed a Killer Klown
  8443 | D        | Killed a Killer Klown
  8492 | D        | Learned a level 2 spell: Blink
  8494 | D        | Noticed an Orb Guardian
  8494 | D        | Noticed an Orb Guardian
  8495 | D        | Killed an Orb Guardian
  8498 | D        | Killed an Orb Guardian
  8583 | D        | Noticed an ancient lich
  8585 | D        | Killed an ancient lich
  8597 | D        | Noticed an electric golem
  8599 | D        | Received a gift from Sif Muna
  8599 | D        | Killed an electric golem
  8600 | D        | Got Kyash's Volume of Support {god gift}
  8771 | D        | Found the +4 dragonskin cloak
  8771 | D        | Noticed Tiamat
  8774 | D        | Killed Tiamat
  8864 | D        | Noticed an orb of fire
  8868 | D        | Killed an orb of fire
  9032 | D        | Learned a level 1 spell: Apportation
  9059 | D        | Noticed Geryon
  9061 | D        | Reached skill level 5 in Stealth
  9063 | D        | Reached skill level 10 in Dodging
  9063 | D        | Killed Geryon
  9109 | D        | Noticed the Serpent of Hell
  9110 | D        | Noticed a Brimstone Fiend
  9113 | D        | Killed a Brimstone Fiend
  9116 | D        | Killed the Serpent of Hell
  9251 | D        | Identified the ring of Kyoq {Wiz MP+9 Stlth+}
  9257 | D        | Identified the +8 quarterstaff of Mastery {drain, rElec
                  | Stlth+}
  9258 | D        | Identified the +1 glaive of Abuse {antimagic, Int+2}
  9261 | D        | Got an obsidian rune of Zot
  9283 | D        | Learned a level 9 spell: Chain Lightning
  9295 | D        | Learned a level 9 spell: Death's Door
  9308 | D        | Noticed a royal mummy
  9312 | D        | Noticed a royal mummy
  9313 | D        | Killed a royal mummy
  9314 | D        | Reached skill level 10 in Armour
  9314 | D        | Killed a royal mummy
  9314 | D        | Noticed a royal mummy
  9316 | D        | Noticed Gloorx Vloq
  9317 | D        | Killed a royal mummy
  9320 | D        | Killed Gloorx Vloq
  9321 | D        | Reached skill level 15 in Dodging
  9507 | D        | Noticed a royal mummy
  9509 | D        | Killed a royal mummy
  9510 | D        | Reached XP level 18. HP: 134/134 MP: 38/51
  9573 | D        | Noticed Ereshkigal
  9573 | D        | Noticed a royal mummy
  9574 | D        | Killed a royal mummy
  9576 | D        | Noticed a Tzitzimitl
  9576 | D        | Killed Ereshkigal
  9579 | D        | Noticed a royal mummy
  9582 | D        | Killed a royal mummy
  9598 | D        | Got a bone rune of Zot
  9677 | D        | Noticed an Ice Fiend
  9678 | D        | Killed an Ice Fiend
  9710 | D        | Noticed an Ice Fiend
  9712 | D        | Killed an Ice Fiend
  9756 | D        | Noticed an Ice Fiend
  9758 | D        | Killed an Ice Fiend
  9870 | D        | Identified the staff of cold "Ycwa Doe" {Fly rElec rC+
                  | Will+ MP-9}
  9875 | D        | Noticed an Ice Fiend
  9877 | D        | Killed an Ice Fiend
  9972 | D        | Noticed Antaeus
 10024 | D        | Killed Antaeus
 10155 | D        | Got an icy rune of Zot
 10160 | D        | Noticed an Ice Fiend
 10161 | D        | Killed an Ice Fiend
 10205 | D        | Noticed an iron giant
 10207 | D        | Killed an iron giant
 10297 | D        | Noticed a Hell Sentinel
 10299 | D        | Killed a Hell Sentinel
 10299 | D        | Noticed Dispater
 10303 | D        | Noticed a Hell Sentinel
 10306 | D        | Killed Dispater
 10306 | D        | Killed a Hell Sentinel
 10307 | D        | Noticed a Hell Sentinel
 10309 | D        | Found the +2 pair of slick slippers {slick, slippery, EV+4}
 10309 | D        | Found the +3 pair of seven-league boots {Rampage+∞}
 10313 | D        | Killed a Hell Sentinel
 10389 | D        | Found the orb of Dispater {+Damnation *Corrode AC+5}
 10425 | D        | Identified the amulet "Zeclaoxo" {Rampage Regen+ Str+2
                  | Dex+3}
 10427 | D        | Got an iron rune of Zot
 10428 | D        | Identified the ring "Zesi" {rF- Str+6 Dex+7 Slay+3}
 10900 | D        | Noticed Nellie
 10903 | D        | Killed Nellie
 10910 | D        | Got a demonic rune of Zot
 11064 | D        | Got the Orb of Zot
 11121 | D        | Noticed a Tzitzimitl
 11122 | D        | Killed a Tzitzimitl
 11135 | D        | Noticed a Tzitzimitl
 11135 | D        | Noticed Mona the pandemonium lord
 11136 | D        | Killed a Tzitzimitl
 11151 | D        | Demolished by Mona the pandemonium lord

Illustrated notes

Levels and vault maps discovered:
D:        dungeon_sprint_mu [sprint_mu_entry_cave, sprint_mu_temple_rooms,
          sprint_mu_d1_spiders, sprint_mu_d2_genie, sprint_mu_d3_branching,
          sprint_mu_orc_legion, sprint_mu_elf_gauntlet, sprint_mu_hive_nellie,
          sprint_mu_lair_fedhas, sprint_mu_vaults_butterflies,
          sprint_mu_slime_circle, sprint_mu_swamp_cave, sprint_mu_shoals_archi,
          sprint_mu_blade_basic, sprint_mu_crypt_fortress,
          sprint_mu_tomb_spiral, sprint_mu_vestibule_basic,
          sprint_mu_gehenna_hellfire, sprint_mu_dis_giant,
          sprint_mu_tartarus_statrot, sprint_mu_cocytus_islands, sprint_mu_zot1]

Skill      XL: |  1  2  3  4  5  6  7  8  9 10 11 12 13 14 15 16 17 18 |
---------------+-------------------------------------------------------+-----
Conjurations   | 6 7 9 13 15 17 18 20 23 25 | 25.0
Spellcasting   | 5 7 8 11 13 14 16 18 20 24 25 27 | 27.0
Hexes          | 2 3 |  3.0
Translocations | 1 3 7 |  7.3
Fighting       | 3 5 8 16 18 20 22 25 | 25.9
Invocations    | 5 7 10 12 16 19 | 19.2
Fire Magic     | 12 17 22 24 25 | 25.0
Earth Magic    | 6 17 25 | 25.0
Armour         | 6 10 13 | 13.2
Dodging        | 8 15 19 | 19.0
Air Magic      | 7 15 16 20 | 20.0
Necromancy     | 11 16 22 | 22.0
Transmutations | 10 14 | 14.0
Stealth        | 9 |  9.0

Action                     |  1- 3 |  4- 6 |  7- 9 | 10-12 | 13-15 | 16-18 || total
---------------------------+-------+-------+-------+-------+-------+-------++-------
  Melee: Staff             |       |       |       |       |     2 |     3 ||     5
   Cast: Magic Dart        |    10 |       |       |       |       |       ||    10
         Searing Ray       |     4 |       |       |       |       |       ||     4
         Fulminant Prism   |       |     4 |    32 |    44 |     1 |       ||    81
         Iskenderun's Myst |       |       |    15 |    14 |    22 |     9 ||    60
         Fireball          |       |       |       |    78 |    36 |     2 ||   116
         Freezing Cloud    |       |       |       |     1 |     1 |       ||     2
         Iron Shot         |       |       |       |     1 |    19 |       ||    20
         Fire Storm        |       |       |       |       |    93 |   138 ||   231
         Shatter           |       |       |       |       |       |    63 ||    63
         Necromutation     |       |       |       |       |       |    27 ||    27
         Blink             |       |       |       |       |       |     8 ||     8
         Apportation       |       |       |       |       |       |     1 ||     1
         Chain Lightning   |       |       |       |       |       |     7 ||     7
 Invoke: Channel Magic     |       |       |       |     1 |     5 |     9 ||    15
Ability: End Transformatio |       |       |       |       |       |     5 ||     5
  Evoke: Phial of floods   |       |       |       |     1 |       |       ||     1
         Wand              |       |       |       |       |     1 |     2 ||     3
         Quad damage       |       |       |       |       |       |     1 ||     1
         Phantom mirror    |       |       |       |       |       |     1 ||     1
    Use: Scroll            |     3 |       |       |       |     9 |    13 ||    25
         Potion            |       |       |     1 |     3 |     1 |     5 ||    10
 Armour: Robe              |       |       |       |     4 |     2 |     5 ||    11
  Dodge: Dodged            |       |       |     2 |    18 |     8 |    13 ||    41
